 Dungeon Crawl Stone Soup version 0.27-a0-1291-geefcff550b (webtiles) character file.

Game seed: 14242150136113101401

55 Lanoc the Firebug (level 3, 0/19 HPs)
             Began as a Deep Elf Fire Elementalist on June 15, 2021.
             Was a Believer of Cheibriados.
             Hit by a goblin thrown by Robin (2 damage)
             ... on level 3 of the Dungeon.
             The game lasted 00:03:30 (2946 turns).

Lanoc the Firebug (Deep Elf Fire Elementalist)      Turns: 2946, Time: 00:03:31

Health: 0/19       AC:  2    Str: 10    XL:     3   Next: 67%
Magic:  4/9        EV: 14    Int: 25    God:    Cheibriados [**....]
Gold:   117        SH:  0    Dex: 20    Spells: 7/8 levels left

rFire    . . .     SeeInvis .   (no weapon)
rCold    . . .     Faith    .   (no shield)
rNeg     . . .     Spirit   .   a - +0 robe
rPois    .         Reflect  .   (no helmet)
rElec    .         Harm     .   (no cloak)
rCorr    +         Rampage  .   (no gloves)
Will     .....                  (no boots)
Stlth    ++........             (no amulet)
HPRegen  0.06/turn              h - ring of resist corrosion
MPRegen  0.11/turn              (no ring)

@: very slow
A: no striking features
a: Renounce Religion, Bend Time


You were on level 3 of the Dungeon.
You worshipped Cheibriados.
Cheibriados was pleased with you.
You visited 1 branch of the dungeon, and saw 3 of its levels.

You collected 117 gold pieces.

Inventory:

Armour
 a - a +0 robe (worn)
Jewellery
 h - a ring of resist corrosion (left hand)
Wands
 k - a wand of polymorph (10)
Scrolls
 b - a scroll of noise
 g - a scroll of amnesia
 j - a scroll of identify {unknown}
Potions
 d - 2 potions of curing {unknown}
 e - 3 potions of might {unknown}
 f - a potion of degeneration {unknown}
 i - a potion of haste {unknown}


   Skills:
 + Level 3.4 Dodging
 - Level 2.4 Stealth
 - Level 3.0 Spellcasting
 - Level 1.1 Conjurations
 * Level 4.6 Fire Magic


You had 7 spell levels left.
You knew the following spells:

 Your Spells              Type           Power      Damage    Failure   Level
h - Foxfire               Conj/Fire      72%        2x1d7     3%          1

Your spell library contained the following spells:

 Spells                   Type           Power      Damage    Failure   Level
 Conjure Flame            Conj/Fire      18%        6-21      10%         3
 Inner Flame              Hex/Fire       15%        N/A       12%         3
 Sticky Flame             Conj/Fire      18%        2d4       30%         4
 Fireball                 Conj/Fire      9%         3d6       65%         5


Dungeon Overview and Level Annotations

Branches:
Dungeon (3/15)

Altars:
Cheibriados

Annotations:
D:3 Robin


Message History

Cheibriados thoroughly appreciates the change of pace.
The foxfire hits the jackal!
You kill the jackal!
Cheibriados thoroughly appreciates the change of pace.
Robin of the Strong Arm comes into view.
They are wielding a +3 short sword of holy wrath.
Casting: Foxfire (safe; 3% risk of failure)
Confirm with . or Enter, or press ? or * to list all spells.
You conjure some foxfire!
The foxfire hits the hobgoblin.
The hobgoblin is heavily wounded.
The foxfire hits the hobgoblin.
You kill the hobgoblin!
Cheibriados appreciates the change of pace.
Robin roars a battlecry!
The goblins go into a battle-frenzy!
The goblin hits you with a +0 dagger.
Casting: Foxfire (safe; 3% risk of failure)
Confirm with . or Enter, or press ? or * to list all spells.
You conjure some foxfire!
The foxfire hits the hobgoblin.
The hobgoblin is heavily wounded.
The hobgoblin hits you.
The foxfire hits the goblin.
The goblin is severely wounded.
As you read the scroll labelled JOENYNL FISE, it crumbles to dust.
You hear a loud clanging noise!
It was a scroll of noise.
The foxfire hits the goblin.
You kill the goblin!
Cheibriados thoroughly appreciates the change of pace.
The foxfire hits the hobgoblin.
The hobgoblin is almost dead.
The hobgoblin completely misses you.
As you read the scroll labelled POVAIT ALAEDAPP, it crumbles to dust.
You feel aware of your surroundings.
It was a scroll of magic mapping.
The hobgoblin barely misses you. The goblin hits you with a +0 dagger.
The hobgoblin hits you.
* * * LOW HITPOINT WARNING * * *
As you read the scroll labelled ICHUAV ERR, it crumbles to dust.
It is a scroll of amnesia.
Really abort (and waste the scroll)?
Okay, then.
Robin throws the goblin at you!
You die...

#################
##≈≈..#...#......#
#≈≈≈.)'...'....g.#
##≈≈≈..#...#....@g#
#≈≈#########..##gg#
#≈≈#..........#rgg#
...'.....).[..#..g#
...'....).....#.g.#
...'..........#...#
#≈≈#..........#...#
#≈≈#########..#...#
##≈≈≈..*,,,#..#,,,*


You could see Robin, 4 hobgoblins, 3 goblins and a rat.

Vanquished Creatures
  A dart slug (D:3)
  An orc (D:3)
  A bat (D:1)
  5 endoplasms
  9 goblins
  6 hobgoblins
  10 jackals
  4 ball pythons
  A frilled lizard (D:1)
  A kobold (D:1)
  2 rats
41 creatures vanquished.

Vanquished Creatures (others)
  195 foxfires
  A plant (D:1)
  4 withered plants (D:1)
200 creatures vanquished.

Grand Total: 241 creatures vanquished

Notes
Turn   | Place    | Note
-------+----------+-------------------------------------------
     0 | D:1      | Lanoc the Deep Elf Fire Elementalist began the quest for
                  | the Orb.
     0 | D:1      | Reached XP level 1. HP: 10/10 MP: 6/6
   156 | D:1      | Found a faded altar of an unknown god.
   189 | D:1      | Became a worshipper of Cheibriados the Contemplative
   189 | D:1      | Reached * piety under Cheibriados
   694 | D:1      | Reached XP level 2. HP: 15/15 MP: 4/8
   866 | D:1      | Reached skill level 4 in Fire Magic
  1134 | D:1      | Reached ** piety under Cheibriados
  1575 | D:2      | Reached XP level 3. HP: 19/19 MP: 6/9
  2941 | D:3      | Noticed Robin
  2946 | D:3      | Hit by a goblin thrown by Robin

Illustrated notes

Levels and vault maps discovered:
D:1:      shiori_arrival_elements, layout_loops_ring,
          shapermc_ecumenical_altar_flowoftime, minivault_24
D:2:      layout_rooms
D:3:      kennysheep_goblin_castle, layout_basic, roderic_batcave, uniq_grinder,
          uniq_jessica

Skill      XL: |  1  2 |
---------------+-------+-----
Fire Magic     | 4 |  4.6
Dodging        | 3 |  3.4
Stealth        | |  2.4
Spellcasting   | |  3.0
Conjurations   | |  1.1

Action                   || total
-------------------------++-------
Melee: Unarmed           ||    31
 Cast: Foxfire           ||   113
  Use: Scroll            ||     3
Armor: Robe              ||     5
Dodge: Dodged            ||    30

Table legend: (Time is in decaauts)
 A = Elapsed time spent in this place.
 B = Non-inter-level travel time spent in this place.
 C = Inter-level travel time spent in this place.
 D = Time resting spent in this place.
 E = Time spent auto-exploring this place.
 F = Levels seen in this place.
 G = Mean time per level.
                   A        B        C        D        E       F      G
               +--------+--------+--------+--------+--------+-----+--------+
         Total |   3473 |   3367 |    106 |      0 |   3049 |   3 | 1157.7 |
       Dungeon |   3473 |   3367 |    106 |      0 |   3049 |   3 | 1157.7 |
               +--------+--------+--------+--------+--------+-----+--------+

Top non-repeatable levels by time:
     D:1: 1682 daAuts
     D:2: 1215 daAuts
     D:3: 575 daAuts
